 Dungeon Crawl Stone Soup version 0.22.1-2-g9c5b331 (webtiles) character file.

1535 Fang the Chopper (level 8, -8/76 HPs)
             Began as a Gargoyle Berserker on Dec 13, 2018.
             Was an Elder of Trog.
             Mangled by Prince Ribbit (10 damage)
             ... on level 6 of the Dungeon on Dec 14, 2018.
             The game lasted 00:07:32 (5822 turns).

Fang the Chopper (Gargoyle Berserker)               Turns: 5822, Time: 00:07:32

Health: -8/76      AC: 17    Str: 29    XL:     8   Next: 86%
Magic:  8/8        EV:  8    Int:  7    God:    Trog [****..]
Gold:   434        SH:  0    Dex:  9    Spells: 7/7 levels left

rFire    . . .     SeeInvis .   p - +0 war axe
rCold    . . .     Gourm    .   (no shield)
rNeg     + . .     Faith    .   x - +0 plate armour
rPois    ∞         Spirit   .   (no helmet)
rElec    +         Reflect  .   (no cloak)
rCorr    .         Harm     .   (no gloves)
MR       +....                  (no boots)
Stlth    ..........             (no amulet)
HPRegen  0.22/turn              q - ring of stealth (curse)
MPRegen  0.11/turn              u - ring of protection from magic

@: berserking (expiring), very quick
A: negative energy resistance 1, electricity resistance, unbreathing,
petrification resistance, rot immunity, AC +5
a: Berserk, Trog's Hand, Brothers in Arms, Renounce Religion


You were on level 6 of the Dungeon.
You worshipped Trog.
Trog was greatly pleased with you.
You were hungry.

You visited 1 branch of the dungeon, and saw 6 of its levels.

You collected 434 gold pieces.

Inventory:

Hand Weapons
 p - a +0 war axe (weapon)
Armour
 x - a +0 plate armour (worn)
Jewellery
 q - a cursed ring of stealth (left hand)
 u - a ring of protection from magic (right hand)
Scrolls
 a - 5 scrolls of enchant armour {unknown}
 d - 7 scrolls of identify {unknown}
 e - a scroll of random uselessness {unknown}
 f - 3 scrolls of teleportation {unknown}
 g - 5 scrolls of remove curse {unknown}
 l - a scroll of noise {unknown}
 m - 2 scrolls of magic mapping {unknown}
 t - a scroll of blinking {unknown}
 v - 2 scrolls of enchant weapon {unknown}
Potions
 b - a potion of magic {unknown}
 h - 2 potions of heal wounds {unknown}
 i - 9 potions of curing {unknown}
 j - a potion of brilliance {unknown}
 n - 2 potions of ambrosia {unknown}
 o - 3 potions of haste {unknown}
 r - a potion of flight {unknown}
 s - a potion of agility {unknown}
 w - a potion of mutation {unknown}
Comestibles
 c - 6 rations


   Skills:
 + Level 5.7 Fighting
 + Level 7.9 Axes
 + Level 5.0 Armour
 + Level 3.1 Dodging
 + Level 1.2 Stealth


You had 7 spell levels left.
You didn't know any spells.
Your spell library was empty.

Dungeon Overview and Level Annotations

Branches:
Dungeon (6/15)
 Temple: D:4-7

Altars:
Cheibriados
Hepliaklqana
Makhleb
Okawaru
Zin

Annotations:
D:6 Prince Ribbit


Innate Abilities, Weirdness & Mutations

You are resistant to torment.
Your stone body is resilient. (AC +5)
You are immune to poison.
You resist negative energy. (rN+)
You are resistant to electric shocks. (rElec)
You can survive without breathing.
You are immune to petrification.
You are immune to rotting.


Message History

The white ugly thing is severely wounded.
You slash Prince Ribbit! You slice Eustachio!!
The white ugly thing claws you but does no damage.
Prince Ribbit blinks!
Unknown command.
You slash the white ugly thing!
The white ugly thing is almost dead.
You slash Eustachio!
You kill Eustachio!
Trog accepts your kill.
Trog appreciates your killing of a magic user.
Your Armour skill increases to level 5!
The white ugly thing claws you.
* * * LOW HITPOINT WARNING * * *
The white ugly thing freezes you!!
* * * LOW HITPOINT WARNING * * *
You barely miss the white ugly thing.
The white ugly thing is almost dead.
You miss Prince Ribbit. Prince Ribbit hits you!
You die...

.........##.##...........#
.........##.##.......>.).#
..........#.##...........#
........#.#.##...........#
........#.# #...........#
........#.# #...........#
#########.# ##...........#
........#.# ...........#
......u@F%# ...........#
......§)..# ...........[
.........># ...........#
........#.# ##.#........
........#[# #.#.#####..
........#.# # #.#......
#########.# #.#.#.#.#
#.#.# . #.#


You could see a white ugly thing and Prince Ribbit.

Vanquished Creatures
  Eustachio (D:6)
  An ice beast (D:5)
  A sky beast (D:6)
  2 phantoms (D:5)
  A scorpion (D:4)
  3 howler monkeys
  4 vampire bats (D:3)
  2 crimson imps (D:5)
  2 bullfrog skeletons
  A hound (D:4)
  A jelly (D:5)
  2 orc wizards
  2 centaur skeletons
  2 iguanas
  2 worker ants
  A hound skeleton (D:6)
  9 gnolls
  10 adders
  An ooze (D:3)
  An adder skeleton (D:4)
  2 worms
  9 dart slugs
  6 leopard geckos
  8 orcs
  6 giant cockroaches
  13 goblins
  10 hobgoblins
  8 jackals
  A quokka (D:4)
  A ball python (D:3)
  6 bats
  2 frilled lizards
  9 kobolds
  2 quokka skeletons (D:5)
  8 rats
140 creatures vanquished.

Notes
Turn   | Place    | Note
-------+----------+-------------------------------------------
     0 | D:1      | Fang the Gargoyle Berserker began the quest for the Orb.
     0 | D:1      | Reached XP level 1. HP: 14/14 MP: 1/1
   246 | D:1      | Reached XP level 2. HP: 12/19 MP: 2/2
   420 | D:1      | Reached skill level 3 in Axes
   760 | D:1      | Reached XP level 3. HP: 24/24 MP: 3/3
  1320 | D:1      | Reached ** piety under Trog
  1683 | D:2      | Reached XP level 4. HP: 29/29 MP: 4/4
  1704 | D:2      | Found a hazy altar of Hepliaklqana.
  1865 | D:2      | Found a glowing silver altar of Zin.
  1891 | D:2      | Found an iron altar of Okawaru.
  1903 | D:2      | Found a burning altar of Makhleb.
  2245 | D:2      | Reached skill level 4 in Axes
  2300 | D:2      | Found a snail-covered altar of Cheibriados.
  2462 | D:3      | Reached XP level 5. HP: 28/33 MP: 5/5
  2519 | D:3      | Reached *** piety under Trog
  3090 | D:3      | Reached XP level 6. HP: 28/38 MP: 6/6
  3157 | D:3      | Reached skill level 5 in Axes
  3866 | D:4      | Reached XP level 7. HP: 38/44 MP: 7/7
  4123 | D:4      | Reached skill level 6 in Axes
  4564 | D:5      | Entered Level 5 of the Dungeon
  4621 | D:5      | Reached XP level 8. HP: 47/48 MP: 8/8
  4629 | D:5      | Reached skill level 5 in Fighting
  4895 | D:5      | Reached **** piety under Trog
  4939 | D:5      | Reached skill level 7 in Axes
  5485 | D:6      | Reached skill level 1 in Stealth
  5529 | D:6      | Found an iron altar of Okawaru.
  5806 | D:6      | Noticed a white ugly thing
  5806 | D:6      | Noticed Prince Ribbit
  5807 | D:6      | Noticed Eustachio
  5821 | D:6      | Killed Eustachio
  5821 | D:6      | Reached skill level 5 in Armour
  5821 | D:6      | HP: 2/76 [white ugly thing (20)]
  5822 | D:6      | Mangled by Prince Ribbit

Skill      XL: |  1  2  3  4  5  6  7  8 |
---------------+-------------------------+-----
Axes           | 3 4 5 6 7 |  7.9
Dodging        | 2 3 |  3.1
Fighting       | 4 5 |  5.7
Armour         | 3 4 5 |  5.0
Stealth        | 1 |  1.2

Action                   |  1- 3 |  4- 6 |  7- 9 || total
-------------------------+-------+-------+-------++-------
Melee: Hand axe          |   135 |   145 |       ||   280
       War axe           |       |    70 |   199 ||   269
Invok: Berserk           |       |     1 |     2 ||     3
  Eat: Chunk             |     3 |     6 |     3 ||    12
       Ration            |       |       |     2 ||     2
Armor: Animal skin       |    32 |       |       ||    32
       Scale mail        |    16 |   154 |   103 ||   273
       Plate armour      |       |       |    13 ||    13
Dodge: Dodged            |    75 |   172 |   107 ||   354
